 Dungeon Crawl Stone Soup version 0.22-a0-322-g60b3cfd (webtiles) character file.

27 Kairos the Magician (level 2, -2/22 HPs)
             Began as a Mummy Skald on Apr 4, 2018.
             Slain by a jackal (3 damage)
             ... on level 1 of the Dungeon.
             The game lasted 00:01:27 (705 turns).

Kairos the Magician (Mummy Skald)                    Turns: 705, Time: 00:01:27

Health: -2/22      AC:  3    Str: 14    XL:     2   Next: 93%
Magic:  6/6        EV: 12    Int: 12    God:
Gold:   25         SH:  0    Dex: 11    Spells: 6/7 levels left

rFire    x . .     SeeInvis .   g - -2 flail (curse)
rCold    + . .     Gourm    .   (no shield)
rNeg     + + +     Faith    .   b - +0 leather armour
rPois    ∞         Spirit   .   (no helmet)
rElec    .         Reflect  .   (no cloak)
rCorr    .         Harm     .   (no gloves)
MR       .....                  (no boots)
Stlth    +.........             h - amulet of rage
HPRegen  0.07/turn              (no ring)
MPRegen  0.10/turn              (no ring)

@: no status effects
A: no food or potions, fire vulnerability, cold resistance 1, negative energy
resistance 3, torment resistance, unbreathing
a: no special abilities


You were on level 1 of the Dungeon.
You were not hungry.

You visited 1 branch of the dungeon, and saw 1 of its levels.

You collected 25 gold pieces.

Inventory:

Hand Weapons
 a - a +0 mace
 g - a cursed -2 flail (weapon)
Armour
 b - a +0 leather armour (worn)
Jewellery
 h - an amulet of rage (around neck)
Scrolls
 c - a scroll of noise {unknown}
 d - a scroll of random uselessness {unknown}
 e - a scroll of blinking {unknown}
 f - a scroll of remove curse {unknown}
 i - a scroll of enchant armour {unknown}


   Skills:
 + Level 2.2 Fighting
 + Level 2.0 Maces & Flails
 + Level 1.0 Armour
 + Level 1.8 Dodging
 + Level 3.0 Spellcasting
 + Level 2.6 Charms


You had 6 spell levels left.
You knew the following spells:

 Your Spells              Type           Power        Failure   Level  Hunger
a - Infusion              Chrm           #...         10%         1    N/A

Dungeon Overview and Level Annotations

Branches:
Dungeon (1/15)

Altars:


Innate Abilities, Weirdness & Mutations

You do not eat or drink.
Your flesh is vulnerable to fire.
You are immune to poison.
Your flesh is cold resistant. (rC+)
You are immune to negative energy. (rN+++)
You are immune to unholy pain and torment.
You can survive without breathing.


Message History

You barely miss the jackal. The goblin hits you but does no damage.
The jackal bites you.
* * * LOW HITPOINT WARNING * * *
The jackal bites you.
* * * LOW HITPOINT WARNING * * *
The jackal closely misses you. The goblin hits you but does no damage.
The jackal closely misses you.
The jackal bites you but does no damage.
You hit the jackal.
You kill the jackal!
The jackal bites you but does no damage.
The jackal barely misses you. The goblin closely misses you.
You hit the jackal.
You kill the jackal!
The jackal barely misses you. The jackal misses you.
The goblin hits you but does no damage.
The jackal bites you but does no damage. x2
Unknown command.
The jackal closely misses you. The jackal bites you.
You die...

#..........# .....#
#...###.##..... .....#
#..##...# #... .....#
#.###.### .. ....[#
..# #.# .....#. ###
#.# ####.......
###.#### #.g.....#
#......# #>h.....#
#.#.##.# ####@h####.#
#.#.##.####.......# #
#.#.........##†.#.....
#.####.#######..####.#
###.####.# #.... #
.##......# ######
.######### .# .#


You could see 2 jackals and a goblin.

Vanquished Creatures
  A gnoll (D:1)
  A dart slug (D:1)
  A leopard gecko (D:1)
  2 giant cockroaches (D:1)
  2 goblins (D:1)
  A hobgoblin (D:1)
  2 jackals (D:1)
  A bat (D:1)
  A kobold (D:1)
  3 rats (D:1)
15 creatures vanquished.

Notes
Turn   | Place    | Note
-------+----------+-------------------------------------------
     0 | D:1      | Kairos the Mummy Skald began the quest for the Orb.
     0 | D:1      | Reached XP level 1. HP: 16/16 MP: 4/4
    81 | D:1      | Reached skill level 3 in Spellcasting
   101 | D:1      | Reached XP level 2. HP: 8/22 MP: 6/6
   296 | D:1      | Reached skill level 1 in Armour
   702 | D:1      | HP: 1/22 [jackal (2)]
   705 | D:1      | Slain by a jackal

Vault maps used:
D:1:      matt_arrival_refuge

Skill      XL: |  1  2 |
---------------+-------+-----
Spellcasting   | 3 |  3.0
Armour         | 1 |  1.0
Maces & Flails | 2 |  2.0
Fighting       | |  2.2
Dodging        | |  1.8
Charms         | |  2.6

Action                   || total
-------------------------++-------
Melee: Mace              ||    30
       Flail             ||    11
Armor: Leather armour    ||    19
Dodge: Dodged            ||    43

Table legend:
 A = Spawn XP
 B = Non-spawn XP
 C = Spawn XP percentage of total XP
 D = Spawn monster count
 E = Non-spawn monster count
 F = Spawn count percentage of total count
 G = Total turns spent on level
                    A         B        C        D         E        F      G
               +---------+---------+-------+---------+---------+-------+---------
         Total |       0 |      39 |   0.0 |       0 |      15 |   0.0 |   705
               +---------+---------+-------+---------+---------+-------+---------
           D:1 |       0 |      39 |   0.0 |       0 |      15 |   0.0 |   705
               +---------+---------+-------+---------+---------+-------+---------
